 Dungeon Crawl Stone Soup version 0.30-b1-2-g02819fbbbe (webtiles) character file.

Game seed: 13634061358560716512

996 psychodelta the Cudgeller (level 8, -7/49 HPs)
             Began as a Gargoyle Fighter on May 15, 2023.
             Killed from afar by an orc wizard (21 damage)
             ... with a bolt of light
             ... on level 5 of the Dungeon.
             The game lasted 00:07:46 (7266 turns).

psychodelta the Cudgeller (Gargoyle Fighter)        Turns: 7266, Time: 00:07:47

Health: -7/49      AC: 22    Str: 22    XL:     8   Next: 19%
Magic:  8/8        EV:  4    Int:  9    God:
Gold:   239        SH:  0    Dex:  9    Spells: 7/7 levels left

rFire   . . .        o - +2 mace (holy)
rCold   . . .        m - +2 tower shield {AC+3}
rNeg    + . .        z - +0 plate armour
rPois   ∞            (no helmet)
rElec   +            (no cloak)
rCorr   .            (no gloves)
SInv    .            s - +0 pair of boots
Will    .....        (no amulet) Stlth
                     (no ring)
HPRegen 0.28/turn    (no ring)
MPRegen 0.11/turn

%: no passive effects
@: confused
A: sickness immunity, AC +5, negative energy resistance 1, electricity
resistance, torment resistance 1, petrification resistance
a: no special abilities


You were on level 5 of the Dungeon.
You visited 2 branches of the dungeon, and saw 6 of its levels.

You collected 239 gold pieces.

Inventory:

Hand Weapons
 a - a +0 flail
 o - a +2 mace of holy wrath (weapon)
Armour
 m - a +2 tower shield of protection (worn)
 s - a +0 pair of boots (worn)
 z - a +0 plate armour (worn)
Wands
 y - a wand of flame (2)
 A - a wand of roots (12)
 C - a wand of polymorph (14)
Scrolls
 e - a scroll of magic mapping {unknown}
 k - 2 scrolls of silence {unknown}
 l - 2 scrolls of identify {unknown}
 n - a scroll of acquirement {unknown}
 p - 4 scrolls of enchant armour {unknown}
 r - 2 scrolls of vulnerability {unknown}
 t - a scroll of teleportation {unknown}
 u - a scroll of fear {unknown}
 x - a scroll of immolation {unknown}
 B - 2 scrolls of noise {unknown}
Potions
 c - a potion of magic {unknown}
 d - a potion of might
 f - a potion of cancellation {unknown}
 g - 2 potions of brilliance
 h - 2 potions of mutation {unknown}
 i - 3 potions of curing {unknown}
 j - 2 potions of berserk rage {unknown}
 q - 3 potions of attraction
 v - 2 potions of heal wounds
 w - 2 potions of invisibility {unknown}
 D - a potion of degeneration {unknown}
 E - a potion of resistance {unknown}


   Skills:
 + Level 5.3 Fighting
 + Level 6.1 Maces & Flails
 + Level 5.0 Armour
 - Level 1.4 Stealth
 + Level 5.9 Shields


You had 7 spell levels left.
You didn't know any spells.
Your spell library contained the following spells:

 Spells                   Type           Power      Damage    Failure   Level
 Sandblast                Erth           0%         2d4       100%        1
 Blink                    Tloc           0%         N/A       100%        2
 Lesser Beckoning         Tloc           0%         N/A       100%        2
 Momentum Strike          Conj/Tloc      0%         3d8       100%        2
 Passwall                 Tmut/Erth      0%         N/A       100%        2
 Stone Arrow              Conj/Erth      0%         3d7       100%        3


Dungeon Overview and Level Annotations

Branches:
Dungeon (5/15)             Temple (1/1) D:4

Altars:
Ashenzari
Dithmenos
Elyvilon
Fedhas
Gozag
Hepliaklqana
Kikubaaqudgha
Makhleb
Qazlal
Ru
Sif Muna
Trog
Uskayaw
Vehumet
Wu Jian
Yredelemnul
Zin
The Shining One


Innate Abilities, Weirdness & Mutations

You are immune to sickness and miasma.
Your stone body is resilient. (AC +5)
You are immune to poison.
You resist negative energy. (rN+)
You are resistant to electric shocks. (rElec)
You are resistant to unholy torment.
You are immune to petrification.


Message History

The orc hits you with a +0 hand axe.
The orc priest invokes the aid of Beogh against you.
You are unaffected.
You can move again.
You hit the orc priest.
You kill the orc priest!
Grinder says, "DUCK!"
Grinder hits you but does no damage. You block the orc wizard's attack.
You block the orc's attack.
You closely miss Grinder.
Grinder is severely wounded.
Grinder hits you.
* * * LOW HITPOINT WARNING * * *
You block the orc wizard's attack. The orc hits you but does no damage.
You block the orc wizard's attack. The orc hits you but does no damage.
You block Grinder's attack.
You hit Grinder.
Grinder convulses!
You kill Grinder!
The orc wizard hits you but does no damage.
The orc hits you with a +0 hand axe.
* * * LOW HITPOINT WARNING * * *
Your Maces & Flails skill increases to level 6!
Your Armour skill increases to level 5!
You have reached level 8!
You feel clever. The orc attacks as you move away! You block the orc's attack.
Okay, then.
You barely miss the orc. You block the orc's attack.
The orc wizard zaps a wand.
The bolt of light hits the orc!!
The orc dies!
The bolt of light hits you but does no damage.
You are confused.
You bump into the rock wall.
You bump into the rock wall.
You feel less confused.
The orc wizard zaps a wand.
The bolt of light hits the orc!
The orc dies!
The bolt of light hits you!!
You are confused.
You die...

#.##.^.....#..##
#.##.........##
#.##.)...(..### ### #
##.##..........#### ###
...##.
#.................###..
##..#.
##...#.......#####...(.#
......##..(#........#
#.÷.... #......###.###o####
##÷.... ..####.....#....@))#
#..... .......##..#.#.#####
##<.... #.........#.#.#
#.[.... ...##.#........#
#...... #
#.#..#..#############......
..#...................#....
..#......##########.....#...
..# .##...# #.......### ...
# .#..# #.......#


You could see an orc wizard.

Vanquished Creatures
  Grinder (D:5)
  Sigmund (D:3)
  A water moccasin (D:5)
  An ogre (D:5)
  A phantom (D:4)
  A howler monkey (D:4)
  A hound (D:5)
  An orc priest (D:5)
  An iguana (D:4)
  Ijyb (D:4)
  Natasha (thrice) (D:4)
  An orc wizard (D:5)
  3 adders
  A shadow imp (D:5)
  An ufetubus (D:5)
  A worm (D:5)
  A dart slug (D:3)
  6 orcs
  10 ball pythons
  4 bats (D:1)
  8 endoplasms
  2 giant cockroaches
  8 goblins
  3 hobgoblins
  12 jackals
  10 kobolds
  2 quokkas
  3 frilled lizards
  7 rats
96 creatures vanquished.

Vanquished Creatures (others)
  2 orcs (D:5)
  6 plants (D:1)
8 creatures vanquished.

Grand Total: 104 creatures vanquished

Notes
Turn   | Place    | Note
-------+----------+-------------------------------------------
     0 | D:1      | psychodelta the Gargoyle Fighter began the quest for the
                  | Orb.
     0 | D:1      | Reached XP level 1. HP: 14/14 MP: 1/1
   147 | D:1      | Reached XP level 2. HP: 19/19 MP: 2/2
   449 | D:1      | Reached XP level 3. HP: 24/24 MP: 3/3
  1250 | D:2      | Reached XP level 4. HP: 25/29 MP: 4/4
  1256 | D:2      | Reached skill level 3 in Maces & Flails
  1450 | D:2      | Found a faded altar of an unknown god.
  1879 | D:3      | Noticed Sigmund
  1915 | D:3      | Killed Sigmund
  1916 | D:3      | Reached skill level 4 in Maces & Flails
  1916 | D:3      | Reached XP level 5. HP: 4/34 MP: 5/5
  1916 | D:3      | Reached XP level 6. HP: 4/39 MP: 6/6
  2590 | D:4      | Noticed Natasha
  2601 | D:4      | Killed Natasha
  2642 | D:4      | Noticed Natasha
  2699 | D:4      | Killed Natasha
  2729 | D:4      | Found a staircase to the Ecumenical Temple.
  2729 | D:4      | Noticed Ijyb
  2776 | D:4      | Killed Ijyb
  3006 | D:4      | Reached skill level 5 in Maces & Flails
  3270 | D:4      | You fall into a shaft and drop 1 floor!
  3270 | D:5      | Entered Level 5 of the Dungeon
  3334 | D:5      | HP: 2/40 [ogre/+0 giant spiked club (15)]
  3336 | D:5      | Reached XP level 7. HP: 2/44 MP: 7/7
  3705 | D:5      | Noticed Grinder
  3762 | D:4      | Reached skill level 5 in Shields
  4190 | Temple   | Entered the Ecumenical Temple
  4701 | D:4      | Noticed Natasha
  4712 | D:4      | Killed Natasha
  4713 | D:4      | Reached skill level 1 in Stealth
  5007 | D:5      | Reached skill level 5 in Fighting
  7251 | D:5      | Paralysed by Grinder for 2 turns
  7255 | D:5      | Paralysed by Grinder for 4 turns
  7261 | D:5      | Killed Grinder
  7262 | D:5      | Reached skill level 6 in Maces & Flails
  7262 | D:5      | Reached skill level 5 in Armour
  7262 | D:5      | Reached XP level 8. HP: 13/49 MP: 8/8
  7266 | D:5      | Killed from afar by an orc wizard

Illustrated notes

Levels and vault maps discovered:
D:1:      dpeg_arrival_arbitrary_a, layout_loops_ring, minmay_misc_feat_alley,
          lexackson_kobold_supper
D:2:      layout_loops_cross, chequers_ecumenical_altar_simple_redux,
          grunt_decor_resistance, kennysheep_generic_room_3
D:3:      layout_loops_ring, serial_glass, glass_columns_b, glass_columns_a,
          grunt_ministairs_8, uniq_sigmund
D:4:      layout_basic, temple_fountains, grunt_decor_junction, uniq_ijyb,
          uniq_natasha
D:5:      layout_rooms, uniq_grinder
Temple:   compressed_dpeg_circular_temple

Skill      XL: |  1  2  3  4  5  6  7 |
---------------+----------------------+-----
Fighting       | 4 5 |  5.3
Maces & Flails | 4 5 6 |  6.1
Armour         | 4 5 |  5.0
Shields        | 4 5 |  5.9
Stealth        | 1 |  1.4

Action                     |  1- 3 |  4- 6 |  7- 9 || total
---------------------------+-------+-------+-------++-------
  Melee: Flail             |   124 |       |       ||   124
         Mace              |     1 |   132 |    68 ||   201
    Use: Potion            |       |     1 |     2 ||     3
   Stab: Sleeping          |       |       |     1 ||     1
 Armour: Scale mail        |    64 |    51 |       ||   115
         Skin              |       |     2 |    19 ||    21
         Plate armour      |       |       |    19 ||    19
  Dodge: Dodged            |    73 |    22 |    12 ||   107
  Block: Buckler           |    36 |       |       ||    36
         Tower shield      |    23 |    86 |    60 ||   169
